 Dungeon Crawl Stone Soup version 0.28.0 (webtiles) character file.

Game seed: 6135415024032862365

16 SnakkuSnakku7 the Ducker (level 2, -4/23 HPs)
             Began as a Djinni Gladiator on Feb 10, 2022.
             Slain by a gnoll (13 damage)
             ... on level 1 of the Dungeon.
             The game lasted 00:00:40 (654 turns).

SnakkuSnakku7 the Ducker (Djinni Gladiator)          Turns: 654, Time: 00:00:41

Health: -4/23      AC:  4    Str: 13    XL:     2   Next: 75%
Gold:   61         EV: 12    Int:  9    God:
                   SH:  0    Dex: 14

rFire   + + .      SeeInvis .   a - +0 quarterstaff
rCold   x . .      Faith    .   (shield currently unavailable)
rNeg    . . .      Spirit   .   b - +0 leather armour
rPois   ∞          Reflect  .   c - +0 helmet
rElec   .          Harm     .   (no cloak)
rCorr   .          Rampage  .   (no gloves)
Will    .....                   (boots unavailable)
Stlth   +.........              (no amulet)
HPRegen 0.07/turn               (no ring)
MPRegen 0.00/turn               (no ring)

@: flying
A: sickness immunity, fire resistance 2, cold vulnerability 1, float, innate
caster, HP casting, extra vitality 1
a: no special abilities


You were on level 1 of the Dungeon.
You visited 1 branch of the dungeon, and saw 1 of its levels.

You collected 61 gold pieces.

Inventory:

Hand Weapons
 a - a +0 quarterstaff (weapon)
Missiles
 d - 3 throwing nets (quivered)
Armour
 b - a +0 leather armour (worn)
 c - a +0 helmet (worn)
 f - a scarf of harm
Scrolls
 e - a scroll of holy word {unknown}
Potions
 g - a potion of heal wounds {unknown}


   Skills:
 - Level 2.0 Fighting
 - Level 2.6 Staves
 - Level 1.5 Throwing
 - Level 3.2 Dodging
 + Level 1.5 Spellcasting


You had 4 spell levels left.
You didn't know any spells.
Your spell library was empty.

Dungeon Overview and Level Annotations

Branches:
Dungeon (1/15)

Altars:


Innate Abilities, Weirdness & Mutations

You are immune to sickness and miasma.
You are immune to poison.
Your flesh is very heat resistant. (rF++)
You are vulnerable to cold. (rC-)
You float through the air rather than walking.
You learn spells naturally, not from books.
Your magical power is your life essence.
You have superior vitality. (+4 MHP)


Message History

You are frozen.
You feel a terrible chill!
You are too injured to fight recklessly!
You barely miss the endoplasm.
The endoplasm is lightly wounded.
The endoplasm closely misses you.
You are too injured to fight recklessly!
You hit the endoplasm.
The endoplasm is heavily wounded.
The endoplasm barely misses you.
You hit the endoplasm but do no damage.
The endoplasm is heavily wounded.
The endoplasm freezes you.
You are frozen.
You hit the endoplasm.
You kill the endoplasm!
You start resting.
HP restored.
The golden eye turns its gaze towards you.
You reach down and open the door.
A gnoll and a quokka come into view.
The gnoll shouts!
There is an open door here.
There are monsters nearby!
There are monsters nearby!
There are monsters nearby!
You hit the gnoll.
The gnoll is moderately wounded.
The gnoll hits you with a +0 flail.
You sock the gnoll!
The gnoll is almost dead.
The gnoll hits you with a +0 flail!
There is an open door here.
The gnoll barely misses you.
You are too injured to fight recklessly!
You are too injured to fight recklessly!
You barely miss the gnoll.
The gnoll is almost dead.
The gnoll hits you with a +0 flail!
Ouch! That really hurt!
You die...

.....................######## #.#
...........###...###........# #.#
...........#G#...#G#..).....# #.#
...........###...###........###..
.........................†.......
.......##...##..#......########'#
###############.##.....# #....
#.##.....# #.... #.@#####.# #....
##g#####+## #.... #.r.......#
#.... #.........# #....
#.........# #.... #.........#
##### #.........# #.........#
#.........#


You could see a gnoll and a quokka.

Vanquished Creatures
  4 endoplasms (D:1)
  A giant cockroach (D:1)
  A goblin (D:1)
  2 hobgoblins (D:1)
  A quokka (D:1)
  A ball python (D:1)
  2 bats (D:1)
  A frilled lizard (D:1)
  A rat (D:1)
14 creatures vanquished.

Notes
Turn   | Place    | Note
-------+----------+-------------------------------------------
     0 | D:1      | SnakkuSnakku7 the Djinni Gladiator began the quest for the
                  | Orb.
     0 | D:1      | Reached XP level 1. HP: 18/18 MP: 0/0
   184 | D:1      | Reached skill level 1 in Spellcasting
   184 | D:1      | Reached XP level 2. HP: 14/23 MP: 0/0
   193 | D:1      | Noticed a great orb of eyes
   311 | D:1      | Found a faded altar of an unknown god.
   315 | D:1      | Noticed a golden eye
   320 | D:1      | Noticed a great orb of eyes
   361 | D:1      | Noticed a great orb of eyes
   654 | D:1      | Slain by a gnoll

Illustrated notes

Levels and vault maps discovered:
D:1:      eino_arrival_cavern_b, layout_basic, serial_shops, shop,
          hellmonk_ecumenical_altar_watching_god

Skill      XL: |  1 |
---------------+----+-----
Spellcasting   | 1 |  1.5
Fighting       | |  2.0
Staves         | |  2.6
Throwing       | |  1.5
Dodging        | |  3.2

Action                   || total
-------------------------++-------
Melee: Quarterstaff      ||    37
 Stab: Sleeping          ||     2
Armor: Leather armour    ||     8
Dodge: Dodged            ||    27
